[Event "Team 45 45 League T50"]
[Site "Internet Chess Club"]
[Date "2011.10.04"]
[Round "8"]
[White "universe"]
[Black "NJSKing"]
[Result "1-0"]
[WhiteElo "2072"]
[BlackElo "1887"]
[Opening "Sicilian: Najdorf, Opocensky variation"]
[ECO "B92"]
[Time "22:00:08"]
[TimeControl "2700+45"]

1. e4 c5 2. Nf3 d6 3. d4 cxd4 4. Nxd4 Nf6 5. Nc3 a6 6. Be2 e5 7. Nb3 Be7 8. O-O
O-O 9. Be3 b6 10. Qd3 Bb7 11. Rad1 Nbd7 12. a4 Rc8 13. f3 Nc5 14. Nxc5 dxc5 15.
Qxd8 Rfxd8 16. Kf2 g6 17. g4 Ne8 18. Nd5 Bxd5 19. Rxd5 Nc7 20. Rdd1 b5 21. axb5
axb5 22. Rxd8+ Rxd8 23. Ra1 Rb8 24. f4 Bd6 25. f5 c4 26. Rd1 Rd8 27. Bb6 f6 28.
b3 Kg7 29. bxc4 bxc4 30. fxg6 Kxg6 31. c3 Kg7 32. Kf3 Kf8 33. Rxd6 Rxd6 34. Bxc7
Ra6 35. g5 Kg7 36. h4 Ra3 37. Kg4 Rxc3 38. Kf5 Rc2 39. gxf6+ Kg8 40. Ke6 Rxe2
41. f7+ Kg7 42. Bxe5+ Kg6 43. f8=Q {Black resigns} 1-0

[Event "Team 45 45 League T50"]
[Site "Internet Chess Club"]
[Date "2011.09.30"]
[Round "8"]
[White "FourKnights"]
[Black "Boromir"]
[Result "1/2-1/2"]
[WhiteElo "1740"]
[BlackElo "1903"]
[Opening "QGD Slav: exchange variation"]
[ECO "D13"]
[Time "16:06:27"]
[TimeControl "2700+45"]

1. d4 d5 2. c4 c6 3. cxd5 cxd5 4. Nf3 Nf6 5. Nc3 Nc6 6. Bf4 e6 7. e3 Bd6 8. Bxd6
Qxd6 9. a3 O-O 10. Bd3 e5 11. dxe5 Nxe5 12. Nxe5 Qxe5 13. O-O a6 14. Rc1 Bg4 15.
Be2 Bf5 16. Bd3 Bg4 17. Be2 Bf5 18. Bd3 Be6 19. h3 Rac8 20. Qe2 Qg5 21. Qf3 b5
22. Ne2 Qe5 23. Nd4 Ne4 24. Qe2 Bd7 25. Bxe4 dxe4 26. Qd2 Be6 27. Nxe6 Qxe6 28.
Rxc8 Rxc8 29. Rc1 g6 30. Rc3 Rxc3 31. Qxc3 h5 32. Qd4 Kh7 33. Qa7 {Game drawn by
mutual agreement} 1/2-1/2

[Event "Team 45 45 League T50"]
[Site "Internet Chess Club"]
[Date "2011.09.29"]
[Round "8"]
[White "FlyingTiger"]
[Black "mitus"]
[Result "1-0"]
[WhiteElo "1834"]
[BlackElo "1818"]
[Opening "Scotch gambit: Dubois-Réti defense"]
[ECO "C55"]
[Time "14:00:45"]
[TimeControl "2700+45"]

1. e4 e5 2. Nf3 Nc6 3. d4 exd4 4. Bc4 Nf6 5. e5 d5 6. Bb5 Ne4 7. Nxd4 Bd7 8.
Bxc6 bxc6 9. O-O Be7 10. f3 Nc5 11. f4 O-O 12. f5 Ne4 13. Nc3 Nxc3 14. bxc3 c5
15. Nb3 c6 16. Be3 c4 17. Nc5 Bxc5 18. Bxc5 Re8 19. Qg4 Qa5 20. Be3 Qc7 21. e6
Bxe6 22. fxe6 Rxe6 23. Bd4 Rg6 24. Qf4 Qd7 25. Rae1 Rc8 26. Qe5 Qe6 27. Qxe6
fxe6 28. Re5 c5 29. Bf2 Rf6 30. Rfe1 Kf7 31. Rb1 Kg6 32. Bh4 Rf4 33. g3 Rf3 34.
Rxe6+ Kf5 35. Rbe1 Rf8 36. Kg2 Kg4 37. h3+ Kh5 38. R1e5+ {Black resigns} 1-0

[Event "Team 45 45 League T50"]
[Site "Internet Chess Club"]
[Date "2011.10.02"]
[Round "8"]
[White "Cadaz"]
[Black "Razorbackchess"]
[Result "1-0"]
[WhiteElo "1599"]
[BlackElo "1685"]
[Opening "King's Indian: orthodox, Aronin-Taimanov, bayonet attack"]
[ECO "E97"]
[Time "05:03:44"]
[TimeControl "2700+45"]

1. d4 Nf6 2. c4 g6 3. Nc3 Bg7 4. e4 d6 5. Be2 O-O 6. Nf3 e5 7. O-O Nc6 8. d5 Ne7
9. b4 a5 10. Ba3 axb4 11. Bxb4 b6 12. Ne1 Ne8 13. Qb3 f5 14. f3 f4 15. Nd3 g5
16. Nb5 Kh8 17. a4 Rb8 18. Qa3 h5 19. a5 bxa5 20. Bxa5 Bd7 21. Nxc7 Nxc7 22.
Qxd6 Rc8 23. Nxe5 Rf6 24. Qxf6 Bxf6 25. Nf7+ Kg7 26. Nxd8 Bxa1 27. Rxa1 {Black
resigns} 1-0

[Event "Team 45 45 League T50"]
[Site "Internet Chess Club"]
[Date "2011.10.01"]
[Round "8"]
[White "Heian"]
[Black "DaveF"]
[Result "1/2-1/2"]
[WhiteElo "1718"]
[BlackElo "1466"]
[Opening "Caro-Kann: advance variation"]
[ECO "B12"]
[Time "09:01:24"]
[TimeControl "2700+45"]

1. e4 c6 2. d4 d5 3. e5 c5 4. c3 Nc6 5. Nf3 Bg4 6. Be3 Qb6 7. Qd2 Bxf3 8. gxf3
cxd4 9. Bxd4 Nxd4 10. cxd4 e6 11. Nc3 a6 12. a3 Ne7 13. Na4 Qa7 14. Nc5 Nc6 15.
b4 Bxc5 16. bxc5 b5 17. Rd1 Qc7 18. Rg1 Rg8 19. Be2 Qa5 20. Qxa5 Nxa5 21. Kd2
Ke7 22. Kc3 Nc6 23. h4 f6 24. f4 Raf8 25. Rdf1 fxe5 26. fxe5 Rf4 27. Rg4 Rxg4
28. Bxg4 Rf8 29. f4 g6 30. Be2 Kd7 31. Kd3 Ne7 32. h5 Nf5 33. hxg6 hxg6 34. Bg4
Rf7 35. Bxf5 Rxf5 36. Ke3 g5 37. Rf3 a5 38. fxg5 Rxg5 39. Kd3 Ke7 40. Kc3 Rf5
41. Rh3 Rf8 42. Rh7+ Rf7 43. Rxf7+ Kxf7 44. Kb3 Ke7 45. Kc3 Kd7 {Game drawn by
mutual agreement} 1/2-1/2

[Event "Team 45 45 League T50"]
[Site "Internet Chess Club"]
[Date "2011.10.02"]
[Round "8"]
[White "mrneale"]
[Black "Invicta-Knight"]
[Result "1-0"]
[WhiteElo "1516"]
[BlackElo "1463"]
[Opening "Polish (Sokolsky) opening"]
[ECO "A00"]
[Time "12:26:39"]
[TimeControl "2700+45"]

1. b4 e5 2. Bb2 f6 3. b5 c6 4. a4 d5 5. e3 Bc5 6. d4 Bb4+ 7. c3 Ba5 8. dxe5 fxe5
9. Qh5+ Kd7 10. Qxe5 Qe7 11. Qxe7+ Kxe7 12. Nf3 Nf6 13. h3 Nbd7 14. Be2 Re8 15.
O-O h6 16. Nd4 c5 17. Nf5+ Kf8 18. Nd6 Re6 19. Nxc8 Rxc8 20. Nd2 c4 21. Nf3 Ne4
22. Nd4 Rf6 23. Ba3+ Ke8 24. Bb4 Bxb4 25. cxb4 Ne5 26. f4 Nf7 27. Bg4 Rb8 28.
Ne6 g6 29. Nc7+ Kf8 30. Nxd5 Rd6 31. Nc7 Ke7 32. Rfd1 h5 33. Bf3 Nd2 34. Nd5+
{Black resigns} 1-0

[Event "Team 45 45 League T50"]
[Site "Internet Chess Club"]
[Date "2011.10.03"]
[Round "8"]
[White "BrerRabbit"]
[Black "lechuguita"]
[Result "1/2-1/2"]
[WhiteElo "1495"]
[BlackElo "1358"]
[Opening "English opening"]
[ECO "A20"]
[Time "10:48:34"]
[TimeControl "2700+45"]

1. c4 e5 2. g3 Nf6 3. Bg2 d5 4. cxd5 Nxd5 5. Nc3 Nb6 6. Nf3 Nc6 7. O-O Be7 8. a3
O-O 9. b4 Bg4 10. b5 e4 11. bxc6 exf3 12. exf3 Be6 13. cxb7 Rb8 14. f4 Qd7 15.
Re1 c6 16. Bb2 Nc4 17. Bc1 Rxb7 18. d3 Nb6 19. Be3 Nd5 20. Nxd5 Bxd5 21. Qc2
Bxg2 22. Kxg2 Qd5+ 23. f3 Rd8 24. Bf2 a6 25. Rec1 c5 26. Qc4 Qxd3 27. Qxd3 Rxd3
28. Bxc5 Bxc5 29. Rxc5 g6 30. Ra2 Kg7 31. Ra5 Rb6 32. Rc2 Rbd6 33. g4 h6 34. Rc7
Rb6 35. Ra7 Rb2+ 36. Kg3 Rdd2 37. f5 Rg2+ 38. Kf4 g5+ 39. Ke4 Rbd2 40. f4 Rge2+
41. Kf3 Rf2+ 42. Ke3 Rxh2 43. R5xa6 Rhe2+ 44. Kf3 Rf2+ 45. Ke3 Rfe2+ 46. Kf3
Rf2+ {Game drawn by mutual agreement} 1/2-1/2

[Event "Team 45 45 League T50"]
[Site "Internet Chess Club"]
[Date "2011.10.01"]
[Round "8"]
[White "kidviper"]
[Black "calily"]
[Result "1-0"]
[WhiteElo "1936"]
[BlackElo "1720"]
[Opening "QGD semi-Slav: 5.e3"]
[ECO "D45"]
[Time "10:12:01"]
[TimeControl "2700+45"]

1. d4 d5 2. c4 c6 3. Nf3 Nf6 4. Nc3 e6 5. e3 Be7 6. Bd3 dxc4 7. Bxc4 Nbd7 8. a4
Nb6 9. Be2 Nbd5 10. O-O O-O 11. Bd3 Qa5 12. Bd2 Nxc3 13. bxc3 Bd7 14. e4 Qc7 15.
a5 c5 16. e5 Nd5 17. c4 Nb4 18. Bxb4 cxb4 19. d5 exd5 20. cxd5 Qc5 21. d6 Bd8
22. a6 bxa6 23. Qe2 a5 24. Rfc1 Qb6 25. Qe4 g6 26. Qxa8 b3 27. Rab1 Bg5 28.
Qxf8+ Kxf8 29. Nxg5 a4 30. Nxh7+ Kg7 31. Nf6 Be6 32. Ne8+ Kh6 33. Nc7 a3 34.
Nxe6 fxe6 35. Bc4 b2 36. Rd1 Qc6 37. d7 Qxc4 38. d8=Q a2 39. Rxb2 {Black
resigns} 1-0

[Event "Team 45 45 League T50"]
[Site "Internet Chess Club"]
[Date "2011.10.02"]
[Round "8"]
[White "isolani"]
[Black "RD1974"]
[Result "0-1"]
[WhiteElo "1468"]
[BlackElo "1741"]
[Opening "Queen's pawn game"]
[ECO "D02"]
[Time "19:03:48"]
[TimeControl "2700+45"]

1. d4 d5 2. Nf3 e6 3. c4 c6 4. e3 f5 5. Bd3 Nf6 6. O-O Bd6 7. Nbd2 O-O 8. Ne5
Nbd7 9. Ndf3 Qc7 10. c5 Bxe5 11. Nxe5 Nxe5 12. dxe5 Qxe5 13. f4 Qc7 14. b4 e5
15. Bb2 e4 16. Be2 Qf7 17. a4 Bd7 18. Bd4 a6 19. Be5 Qg6 20. h3 Qg3 21. Bd4 Be8
22. Ra3 Nd7 23. Qa1 Rf7 24. Rb1 Nf8 25. b5 Ng6 26. bxa6 Nh4 {White resigns} 0-1

[Event "Team 45 45 League T50"]
[Site "Internet Chess Club"]
[Date "2011.10.02"]
[Round "8"]
[White "kidcobra"]
[Black "Juan73"]
[Result "0-1"]
[WhiteElo "1605"]
[BlackElo "1646"]
[Opening "Queen's pawn game"]
[ECO "D04"]
[Time "18:02:30"]
[TimeControl "2700+45"]

1. d4 d5 2. Nf3 Nf6 3. e3 Bg4 4. c4 Nc6 5. Nc3 dxc4 6. Bxc4 e6 7. Bb5 Bd6 8.
Bxc6+ bxc6 9. a3 O-O 10. O-O c5 11. dxc5 Bxc5 12. Qxd8 Rfxd8 13. Ne5 Bf5 14. b4
Bd6 15. Nc6 Rd7 16. Bb2 a6 17. Rad1 Ne4 18. Nxe4 Bxe4 19. Ne5 Rdd8 20. Nc4 Be7
21. f3 Bd3 22. Na5 Bxf1 23. Rxf1 Rd2 24. Bd4 Ra2 25. Nc4 Rc2 26. Ne5 c5 27. bxc5
Bxc5 28. Bxc5 Rxc5 29. Nd7 Rc2 30. Rd1 f6 31. e4 Ra7 32. e5 Kf7 33. exf6 gxf6
34. Nb6 Rb7 35. Rd6 Ke7 36. Nc8+ Rxc8 37. Rxa6 Rc2 38. h4 Rbb2 39. Ra7+ Kd6 40.
Ra6+ Ke5 41. Ra5+ Kd6 42. Ra6+ Ke7 43. Ra7+ Kf8 44. Kh2 Rxg2+ 45. Kh3 Rh2+ 46.
Kg4 Rbg2+ 47. Kh5 Rd2 48. Ra8+ Ke7 49. Ra7+ Rd7 50. Ra4 Rd5+ 51. Kh6 Rxh4+ 52.
Rxh4 e5 53. Ra4 Ke6 54. Kxh7 Rd3 55. Ra6+ Kf5 56. Kg7 Rxf3 57. Rxf6+ Kg4 58. a4
e4 59. a5 Ra3 60. Rg6+ Kf3 61. Rf6+ Ke2 62. a6 e3 63. Rh6 Kd1 64. Rh1+ Kd2 65.
Rh2+ e2 66. Rh3 Rxh3 67. a7 Ra3 68. Kf7 Rxa7+ 69. Ke6 e1=Q+ 70. Kd5 Qh4 71. Kc5
Rd7 72. Kb5 Qd8 73. Ka6 Qb8 74. Ka5 Ra7# {White checkmated} 0-1

[Event "Team 45 45 League T50"]
[Site "Internet Chess Club"]
[Date "2011.09.29"]
[Round "8"]
[White "Andressa"]
[Black "cys456"]
[Result "0-1"]
[WhiteElo "1453"]
[BlackElo "1652"]
[Opening "Sicilian: closed, 2...Nc6"]
[ECO "B23"]
[Time "16:15:34"]
[TimeControl "2700+45"]

1. e4 c5 2. Nc3 Nc6 3. Nf3 g6 4. Bc4 Bg7 5. O-O e6 6. d3 Nge7 7. Bf4 a6 8. a4
O-O 9. Bd6 Re8 10. Bxc5 d6 11. Ba3 d5 12. exd5 exd5 13. Bxe7 Nxe7 14. Bb3 h6 15.
d4 Be6 16. Re1 Nf5 17. Nxd5 Bxd5 18. Rxe8+ Qxe8 19. Bxd5 Qd7 20. c4 Re8 21. Qd3
Qc7 22. Rd1 Qb6 23. Qc3 Nxd4 24. Nxd4 Bxd4 25. Qf3 Re7 26. b3 Qb4 27. Qd3 Re1+
28. Rxe1 Qxe1+ 29. Qf1 Bxf2+ {White resigns} 0-1

[Event "Team 45 45 League T50"]
[Site "Internet Chess Club"]
[Date "2011.10.02"]
[Round "8"]
[White "LazyPeon"]
[Black "Egmont"]
[Result "0-1"]
[WhiteElo "1705"]
[BlackElo "1786"]
[Opening "Sicilian: Alapin's variation (2.c3)"]
[ECO "B22"]
[Time "13:02:50"]
[TimeControl "2700+45"]

1. e4 c5 2. c3 d5 3. exd5 Qxd5 4. d4 Nf6 5. Nf3 Bg4 6. Be3 cxd4 7. cxd4 e6 8.
Nc3 Qd8 9. Bb5+ Nbd7 10. O-O Bd6 11. h3 Bh5 12. Re1 O-O 13. Rc1 Nb6 14. Bd3 Rc8
15. Qe2 Bb8 16. Ne4 Bg6 17. Rxc8 Nxc8 18. Bg5 Bxe4 19. Bxe4 Nd6 20. Bb1 h6 21.
Bxf6 Qxf6 22. Ne5 Rd8 23. Qc2 g6 24. Re3 Qf5 25. Qd1 Qf6 26. Rf3 Nf5 27. Bxf5
exf5 28. Re3 Bxe5 29. Rxe5 Qxe5 {White resigns} 0-1

[Event "Team 45 45 League T50"]
[Site "Internet Chess Club"]
[Date "2011.10.02"]
[Round "8"]
[White "JWB"]
[Black "ticopatzer"]
[Result "1-0"]
[WhiteElo "1650"]
[BlackElo "1654"]
[Opening "QGD Slav: Steiner variation"]
[ECO "D16"]
[Time "14:02:36"]
[TimeControl "2700+45"]

1. d4 d5 2. c4 c6 3. Nf3 Nf6 4. Nc3 dxc4 5. a4 Bg4 6. Ne5 Bh5 7. Nxc4 e6 8. f3
Bb4 9. e3 O-O 10. Bd3 Nbd7 11. O-O Qc7 12. e4 c5 13. Nb5 Qc6 14. Bf4 cxd4 15.
Nxd4 Bc5 16. Be3 Qc7 17. Qd2 a6 18. Rac1 b5 19. axb5 axb5 20. Nxb5 Qb7 21. Bxc5
Nxc5 22. Ncd6 Qb6 23. Qe3 Ncd7 24. Qxb6 Nxb6 25. Rc6 Na4 26. b3 Nb2 27. Bc4 Nxc4
28. bxc4 Nd7 29. c5 Ne5 30. Rc7 f5 31. exf5 exf5 32. Rd1 Be8 33. Nxe8 Rfxe8 34.
Nd6 Rad8 35. Rb1 Re6 36. Rbb7 Rg6 37. Kf2 f4 38. Rc8 Rxc8 39. Nxc8 Nd3+ 40. Kf1
Nxc5 41. Rc7 Ne6 42. Ne7+ Kf7 43. Nxg6+ Nxc7 44. Nxf4 Ne6 45. Nxe6 Kxe6 46. Ke2
g5 47. Ke3 Ke5 48. g3 h5 49. g4 hxg4 50. fxg4 Kf6 51. Ke4 Ke6 52. h3 Kf6 53. Kd5
Kg6 54. Ke6 Kg7 55. Kf5 Kh6 56. Kf6 Kh7 57. Kxg5 Kg7 58. h4 Kh7 59. Kf6 Kh6 60.
g5+ Kh7 61. Kf7 Kh8 62. Kg6 Kg8 63. Kh6 Kh8 64. g6 Kg8 65. g7 Kf7 66. Kh7 {Black
resigns} 1-0

[Event "Team 45 45 League T50"]
[Site "Internet Chess Club"]
[Date "2011.10.03"]
[Round "8"]
[White "Dracoac"]
[Black "Constrictor"]
[Result "0-1"]
[WhiteElo "1589"]
[BlackElo "1655"]
[Opening "Queen's pawn game, Darooha variation "]
[ECO "D11"]
[Time "17:07:42"]
[TimeControl "2700+45"]

1. Nf3 d5 2. d4 Nf6 3. c4 c6 4. Qb3 dxc4 5. Qxc4 Bf5 6. Nc3 e6 7. g3 Nbd7 8. Bg2
Nb6 9. Qb3 Be7 10. O-O O-O 11. Re1 a5 12. e4 a4 13. Qc2 Bg6 14. Be3 Bb4 15. Ng5
h6 16. Nh3 Nbd5 17. Rad1 Nxe3 18. Rxe3 Nd5 19. Ree1 Qa5 20. Rc1 a3 21. Nxd5 Bxe1
22. Ne7+ Kh7 23. Nxg6 fxg6 24. Nf4 Qd2 25. f3 axb2 26. Qxd2 Bxd2 27. Rb1 Rxa2
28. Kf2 Bxf4 29. gxf4 Rd8 30. Ke3 Ra3+ 31. Ke2 Rb3 32. Kd2 Rxd4+ 33. Kc2 Rb6 34.
Kc3 c5 35. Bh3 Ra4 36. Bg4 h5 37. Bh3 e5 38. fxe5 Kg8 39. Bg2 Kf8 40. f4 Ra1 41.
Rxb2 Rxb2 42. Kxb2 Ra7 43. Kb3 b5 44. f5 gxf5 45. exf5 Ke7 46. Bd5 Ra1 47. e6
Kd6 48. Be4 Re1 49. Bc2 Re3+ 50. Kb2 h4 51. Bb3 Re2+ 52. Kc3 Rxh2 53. Bc2 Rxc2+
54. Kxc2 h3 55. Kd3 h2 56. Kc3 h1=Q 57. Kb3 Qf3+ 58. Kc2 Qxf5+ 59. Kc3 Qxe6 60.
Kb2 g5 61. Kc3 g4 62. Kd2 g3 63. Kc3 g2 64. Kb2 g1=Q 65. Kc2 Qg3 66. Kd2 Qee3+
67. Kd1 Qef2 68. Kc1 Qgg1# {White checkmated} 0-1

[Event "Team 45 45 League T50"]
[Site "Internet Chess Club"]
[Date "2011.10.03"]
[Round "8"]
[White "philosopherking"]
[Black "vigneshv"]
[Result "0-1"]
[WhiteElo "1476"]
[BlackElo "1632"]
[Opening "QGD: Cambridge Springs defense, Yugoslav variation"]
[ECO "D52"]
[Time "20:02:07"]
[TimeControl "2700+45"]

1. d4 e6 2. c4 d5 3. Nc3 Nf6 4. Bg5 c6 5. e3 Nbd7 6. Nf3 Qa5 7. cxd5 Nxd5 8. Qc2
Bb4 9. Rc1 Qxa2 10. Bd3 h6 11. Bh4 Nxc3 12. bxc3 Qxc2 13. Rxc2 Bd6 14. O-O a5
15. c4 g5 16. Bg3 Bxg3 17. fxg3 g4 18. Ne5 Nxe5 19. dxe5 a4 20. Rb1 Rb8 21. Ra2
Ra8 22. Rb4 Ra5 23. Raxa4 Rxe5 24. Kf2 Kd7 25. Ra8 Rd8 26. Ra1 Kc7 27. Ke2 Rh5
28. Rf1 Rd7 29. Rh1 Kd6 30. c5+ Kxc5 31. Rxg4 b5 32. h3 Rhd5 33. Rc1+ Kb6 34.
Rc3 c5 35. Rb3 b4 36. Rg8 Rxd3 37. Rxd3 Ba6 {White resigns} 0-1

[Event "Team 45 45 League T50"]
[Site "Internet Chess Club"]
[Date "2011.10.02"]
[Round "8"]
[White "quotha"]
[Black "MeanMrMustard"]
[Result "1/2-1/2"]
[WhiteElo "1726"]
[BlackElo "1794"]
[Opening "Queen's pawn game"]
[ECO "A46"]
[Time "11:09:26"]
[TimeControl "2700+45"]

1. d4 Nf6 2. Nf3 e6 3. h3 c5 4. c3 Nc6 5. Bg5 cxd4 6. Nxd4 Nxd4 7. Qxd4 Be7 8.
e4 d6 9. Bxf6 Bxf6 10. Qa4+ Bd7 11. Bb5 a6 12. Bxd7+ Qxd7 13. Qxd7+ Kxd7 14. Na3
b5 15. O-O b4 16. Nc4 bxc3 17. bxc3 Bxc3 18. Rad1 Rab8 19. Rxd6+ Ke7 20. Rxa6
Ra8 21. Rxa8 Rxa8 22. Rc1 Bd4 23. Rc2 Ra4 {Game drawn by mutual agreement}
1/2-1/2

[Event "Team 45 45 League T50"]
[Site "Internet Chess Club"]
[Date "2011.10.01"]
[Round "8"]
[White "oldsj"]
[Black "Kheeljoi"]
[Result "0-1"]
[WhiteElo "1531"]
[BlackElo "1741"]
[Opening "Sicilian: Najdorf, 7...Be7"]
[ECO "B98"]
[Time "09:03:23"]
[TimeControl "2700+45"]

1. e4 c5 2. Nf3 d6 3. d4 cxd4 4. Nxd4 Nf6 5. Nc3 a6 6. Bg5 e6 7. f4 Be7 8. Qf3
O-O 9. O-O-O Qc7 10. f5 Nc6 11. fxe6 fxe6 12. Qg3 Nxd4 13. Rxd4 b5 14. Be2 Bb7
15. Bf3 Qc5 16. Be3 b4 17. Na4 Qb5 18. b3 Rac8 19. Bh6 Rf7 20. Bg5 e5 21. Rd2
Nxe4 22. Bxe4 Bxe4 23. Bxe7 Rxe7 24. Qg4 Qc6 25. Nb2 d5 26. Rhd1 Bxc2 27. Nd3
Bxd3+ 28. Kb2 Qc3# {White checkmated} 0-1

[Event "Team 45 45 League T50"]
[Site "Internet Chess Club"]
[Date "2011.10.04"]
[Round "8"]
[White "dschesq"]
[Black "Zyme"]
[Result "0-1"]
[WhiteElo "1672"]
[BlackElo "1376"]
[Opening "English opening"]
[ECO "A05"]
[Time "19:00:27"]
[TimeControl "2700+45"]

1. Nf3 Nf6 2. c4 Nc6 3. d4 g6 4. d5 Nb4 5. a3 Na6 6. b4 Bg7 7. Bb2 O-O 8. Qc2 d6
9. e4 c6 10. Bd3 Nc7 11. O-O Bd7 12. Nc3 b5 13. dxc6 bxc4 14. cxd7 cxd3 15. Qxd3
Qxd7 16. Ne2 Rfc8 17. Rfd1 Qe8 18. Rac1 Ne6 19. Qb1 Rc7 20. Rxc7 Nxc7 21. e5
dxe5 22. Bxe5 Ne6 23. h3 Rc8 24. Qb2 Rd8 25. Rxd8 Qxd8 26. Ned4 Nxd4 27. Nxd4
Qd5 28. b5 Qxe5 29. Qb4 Nd5 30. Qa5 Qxd4 31. a4 Be5 32. g3 Bxg3 33. Qe1 Bh4 34.
a5 Nf4 35. Kf1 Qd3+ 36. Kg1 Qxh3 37. Qf1 Qxf1+ 38. Kxf1 Nd5 39. f3 e6 40. Ke2
Bd8 41. b6 axb6 42. a6 b5 43. f4 Bb6 {White resigns} 0-1

[Event "Team 45 45 League T50"]
[Site "Internet Chess Club"]
[Date "2011.10.02"]
[Round "8"]
[White "smsxman"]
[Black "nanning"]
[Result "1-0"]
[WhiteElo "1582"]
[BlackElo "1489"]
[Opening "Caro-Kann defense"]
[ECO "B10"]
[Time "14:00:21"]
[TimeControl "2700+45"]

1. e4 c6 2. Nf3 d5 3. exd5 cxd5 4. d4 Nf6 5. Nc3 Bf5 6. Be2 e6 7. O-O a6 8. Bd2
h6 9. a3 Bd6 10. Nh4 Bh7 11. Rc1 O-O 12. Bd3 Ne4 13. Nf3 Nd7 14. Be3 f5 15. g3
Qc7 16. Ne2 Rf7 17. Bf4 Raf8 18. c4 g5 19. cxd5 Qb8 20. dxe6 Rf6 21. Bxd6 Qxd6
22. exd7 Qxd7 23. Ne5 Qd6 24. Nc4 Qd5 25. Ne5 f4 26. Bc4 {Black resigns} 1-0

[Event "Team 45 45 League T50"]
[Site "Internet Chess Club"]
[Date "2011.10.01"]
[Round "8"]
[White "Cicero"]
[Black "MateIn42"]
[Result "1-0"]
[WhiteElo "1326"]
[BlackElo "1343"]
[Opening "Queen's Indian accelerated"]
[ECO "A50"]
[Time "12:04:25"]
[TimeControl "2700+45"]

1. d4 Nf6 2. c4 b6 3. Nc3 d5 4. e3 dxc4 5. Bxc4 Bb7 6. Nf3 e6 7. O-O Be7 8. Re1
O-O 9. Bd3 Nc6 10. e4 Nxd4 11. Nxd4 Qxd4 12. e5 Ng4 13. Bxh7+ Kxh7 14. Qxd4 Bc5
15. Qxg4 {Black resigns} 1-0

[Event "Team 45 45 League T50"]
[Site "Internet Chess Club"]
[Date "2011.10.01"]
[Round "8"]
[White "houseofcook"]
[Black "IanT"]
[Result "1-0"]
[WhiteElo "1466"]
[BlackElo "1379"]
[Opening "Scotch gambit"]
[ECO "C44"]
[Time "03:02:09"]
[TimeControl "2700+45"]

1. e4 e5 2. Nf3 Nc6 3. d4 exd4 4. Bc4 d6 5. Nxd4 Nxd4 6. Qxd4 Nf6 7. O-O Be7 8.
Nc3 Be6 9. Bd3 Qd7 10. f4 Qc6 11. Bb5 Qxb5 12. Nxb5 Kd8 13. e5 Nd5 14. exd6 cxd6
15. f5 Bf6 16. Qd1 a6 17. Nxd6 Kc7 18. fxe6 Kxd6 19. Bf4+ Kc6 20. exf7 Rhf8 21.
c4 Nxf4 22. Rxf4 Rad8 23. Qf3+ Kc7 24. Rd1 Rxf7 25. Rxd8 Kxd8 26. Kf1 Ke8 27.
Qd3 Rd7 28. Qe2+ Kf7 29. Rxf6+ Kxf6 30. Qf3+ Ke6 31. Qe4+ Kf6 32. Qf4+ Ke6 33.
Qg4+ Kd6 34. c5+ Kc6 35. Qe6+ Kc7 36. Qb6+ Kc8 37. c6 Rc7 38. cxb7+ Rxb7 39.
Qxa6 Kb8 40. Qd6+ Rc7 41. b4 Kc8 42. a4 Rb7 43. b5 Rf7+ 44. Ke2 Rd7 45. Qa6+ Kd8
46. Qa8+ Ke7 47. Qe4+ Kd8 48. Qxh7 Re7+ 49. Kd3 Rd7+ 50. Kc4 Rc7+ 51. Kb4 Kc8
52. Qf5+ Kb8 53. Qe5 Kb7 54. a5 Kc8 55. b6 Rb7 56. Qc5+ Kd8 57. a6 Rd7 58. a7
{Black resigns} 1-0

[Event "Team 45 45 League T50"]
[Site "Internet Chess Club"]
[Date "2011.10.02"]
[Round "8"]
[White "maliboum"]
[Black "dabodhi"]
[Result "1-0"]
[WhiteElo "1269"]
[BlackElo "1205"]
[Opening "Scandinavian defense"]
[ECO "B01"]
[Time "20:00:11"]
[TimeControl "2700+45"]

1. e4 d5 2. exd5 Nf6 3. d4 Bg4 4. Nf3 Qxd5 5. Be2 Nc6 6. c4 Qd7 7. Be3 O-O-O 8.
d5 Bxf3 9. Bxf3 Ne5 10. Be2 Kb8 11. Nc3 a6 12. Qb3 e6 13. Rd1 exd5 14. cxd5 Kc8
15. O-O Bd6 16. Ba7 b5 17. Na4 Kb7 18. Nc5+ Bxc5 19. Bxc5 Nxd5 20. a4 c6 21. f4
Ng4 22. axb5 cxb5 23. Bf3 Nf6 24. Rd4 Qc6 25. Qb4 Nxb4 26. Rxd8 Qxf3 27. Rxf3
Rxd8 28. Bxb4 Rd1+ 29. Kf2 Ng4+ 30. Kg3 Nf6 31. Bf8 Ne4+ 32. Kh4 g6 33. Re3 Nf2
34. Re7+ Kb6 35. Rxf7 Rh1 36. Kg3 Ne4+ 37. Kf3 Nd2+ 38. Kf2 Rxh2 39. b4 Ne4+ 40.
Ke3 Ng3 41. Bc5+ Kc6 42. Rf6+ Kb7 43. Rb6+ Ka7 44. Rxg6+ Kb7 45. Rxg3 Rh6 46.
Rg7+ Kc6 47. Rg5 Rh1 48. Kf3 Ra1 49. Rh5 a5 50. bxa5 Rxa5 51. Bf8 Ra8 52. Bg7
Ra7 53. Be5 b4 54. Ke4 b3 55. Kd3 Ra2 56. Rxh7 b2 57. Bxb2 Rxb2 58. g4 Kd6 59.
Ke4 Ke6 60. Rh6+ Kf7 61. Rd6 Rg2 62. Kf5 Ke7 63. Ra6 Kf7 64. g5 Kg7 65. Ra7+ Kf8
66. Kf6 Re2 67. Ra8+ Re8 68. Rxe8+ Kxe8 69. Kg7 Ke7 70. g6 Ke8 71. Kh8 Kf8 72.
g7+ {Black resigns} 1-0

[Event "Team 45 45 League T50"]
[Site "Internet Chess Club"]
[Date "2011.09.30"]
[Round "8"]
[White "bhandelman"]
[Black "lawth3"]
[Result "1-0"]
[WhiteElo "1114"]
[BlackElo "1173"]
[Opening "Caro-Kann: classical variation"]
[ECO "B18"]
[Time "09:11:05"]
[TimeControl "2700+45"]

1. e4 c6 2. d4 d5 3. Nc3 dxe4 4. Nxe4 Bf5 5. Ng3 Bg6 6. Nf3 h6 7. Bd3 Bxd3 8.
Qxd3 Nd7 9. O-O e6 10. Be3 Ngf6 11. Rad1 Be7 12. Rfe1 O-O 13. Qb3 Qc7 14. Ne5
Nxe5 15. dxe5 Nd5 16. c4 Nxe3 17. Rxe3 Rfd8 18. Nh5 Rxd1+ 19. Qxd1 Rd8 20. Qg4
g6 21. Nf6+ Kh8 22. Qe2 c5 23. Re4 Rd4 24. Rxd4 cxd4 25. Qd2 g5 26. Qxd4 Bxf6
27. exf6 Qd8 28. Qxd8+ Kh7 29. Qe7 {Black resigns} 1-0

[Event "Team 45 45 League T50"]
[Site "Internet Chess Club"]
[Date "2011.10.02"]
[Round "8"]
[White "zeigmata"]
[Black "M-Abotreka"]
[Result "1/2-1/2"]
[WhiteElo "2316"]
[BlackElo "2195"]
[Opening "King's Indian defense, 3.Nc3"]
[ECO "E61"]
[Time "14:28:39"]
[TimeControl "2700+45"]

1. d4 Nf6 2. c4 g6 3. Nc3 Bg7 4. g3 d5 5. cxd5 Nxd5 6. Bg2 Nb6 7. Nf3 O-O 8. O-O
Nc6 9. e3 e5 10. d5 Na5 11. e4 c6 12. Bg5 f6 13. Be3 cxd5 14. Bxb6 Qxb6 15. Nxd5
Qd8 16. Rc1 Nc6 17. b4 Bg4 18. Qb3 Rf7 19. b5 Na5 20. Qb4 Bf8 21. Qd2 b6 22.
Rfd1 Rc8 23. Rxc8 Qxc8 24. Rc1 Bc5 25. Ne1 Qf8 26. Nd3 Nb7 27. Nxc5 Nxc5 28. f4
Be6 29. Rf1 Qb8 30. f5 Bxd5 31. fxg6 hxg6 32. Qxd5 Kg7 33. Bh3 Qe8 34. Rb1 Qh8
35. Bg4 Qe8 {Game drawn by mutual agreement} 1/2-1/2

[Event "Team 45 45 League T50"]
[Site "Internet Chess Club"]
[Date "2011.10.04"]
[Round "8"]
[White "frontier"]
[Black "NFork"]
[Result "0-1"]
[WhiteElo "2022"]
[BlackElo "2316"]
[Opening "English opening"]
[ECO "A10"]
[Time "16:05:05"]
[TimeControl "2700+45"]

1. c4 g6 2. Nc3 Bg7 3. g3 e5 4. Bg2 Ne7 5. d3 Nbc6 6. e4 d6 7. Nge2 f5 8. O-O
O-O 9. Nd5 Be6 10. Be3 Qd7 11. Qd2 Nd8 12. Bg5 Bxd5 13. cxd5 Nf7 14. Be3 h6 15.
Rac1 fxe4 16. dxe4 c5 17. Kh1 Kh7 18. Ng1 Nc8 19. Bh3 Qa4 20. Qc2 Qxc2 21. Rxc2
b5 22. Nf3 Rb8 23. Nd2 Nb6 24. b3 Bf6 25. Nb1 Bg5 26. f4 Bf6 27. f5 g5 28. Bg4
Rfc8 29. Bh5 Kg7 30. Nd2 Kf8 31. Nf3 Ke7 32. h4 Rh8 33. Rh2 g4 34. Bxg4 Rbg8 35.
Bh5 Rxg3 36. Rg2 Rxg2 37. Kxg2 a5 38. Kh3 a4 39. Nh2 Ra8 40. Ng4 axb3 41. axb3
Ra3 42. Bxf7 Kxf7 43. Nxh6+ Ke8 44. Ng4 Bd8 45. f6 Kf7 46. Nh6+ Kf8 47. Ng4 Rxb3
48. Rf3 Kf7 49. Rg3 c4 50. Nh6+ Kxf6 51. Bg5+ Kg6 52. Be3+ Kf6 53. h5 Rxe3 54.
Rxe3 b4 55. Nf5 Nxd5 56. Rg3 Nf4+ 57. Kh2 Nxh5 58. Rh3 b3 59. Rf3 Ke6 60. Ne3 c3
{White resigns} 0-1